cohdb
Replays
Latest Replays
All Replays
Popular Replays
Top Player Replays
Match Explorer
How It Works
Community
CoH3 Stats
Reddit
Sign in to upload your games and track your stats! →
Sign in with Steam
Match 41288339
Unlisted
Match 41288339
Overview
Messages
Build Orders
End
Pioneer Squad
Construct Infanterie Kompanie
Selects Luftwaffe Battlegroup
Selects Luftwaffe Pioneer Support
Grenadier Squad
Grenadier Squad
MG 42 Machine Gun Team
Construct Luftwaffe Kompanie
Selects LG40 Recoilless Gun Paradrop
LG40 Recoilless Gun Paradrop
Selects Stuka Strafing Run
Fallschirmpioneer Squad Paradrop
Stuka Strafing Run
Medical Bunker
221 Scout Car
Luftwaffe Officer Quarters
Stuka Strafing Run
Support Elements
Jäger Squad
Stuka Strafing Run
Wirbelwind Flakpanzer
LG40 Recoilless Gun Paradrop
Stuka Strafing Run
CommieKillerz
A2O
Earthdog
☨ L o r d
badger2
粉色上瘾
许聪聪
L1mbo
0
0
Comments
sign in to comment!
No comments posted yet!